 Dungeon Crawl Stone Soup version 0.16.2-12-gd0ad4c3 (webtiles) character file.

7333 faibistes the Thaumaturge (level 10, 0/56 HPs)
             Began as a Deep Elf Wizard on Oct 20, 2018.
             Was a Priest of Sif Muna.
             Slain by a small abomination (5 damage)
             ... on level 1 of the Abyss on Oct 21, 2018.
             The game lasted 00:42:42 (12890 turns).

faibistes the Thaumaturge (Deep Elf Wizard)        Turns: 12890, Time: 00:42:43

Health: 0/56       AC:  6    Str:  4      XL:     10   Next: 90%
Magic:  29/32      EV: 26    Int: 27      God:    Sif Muna [***...]
Gold:   513        SH:  0    Dex: 17 (18) Spells: 6 memorised, 19 levels left

rFire  . . .     SeeInvis .     C - +1 flail (holy)
rCold  . . .     Clarity  .     m - +1 robe
rNeg   + . .     SustAb   .     (no shield)
rPois  .         Gourm    .     b - +0 hat
rElec  .         Spirit   .     (no cloak)
rCorr  .         Warding  .     (no gloves)
rMut   .         Stasis   .     x - +2 pair of boots
MR     +....                    (no amulet)
Stlth  +++.......               g - +3 ring of evasion
                                f - ring of positive energy

@: agile, non-regenerating, mildly diseased, repel missiles, somewhat resistant
to hostile enchantments, fairly stealthy
A: no striking features
a: Channel Energy, Forget Spell, Renounce Religion


You were on level 1 of the Abyss.
You worshipped Sif Muna.
Sif Muna was most pleased with you.
You were not hungry.

You visited 2 branches of the dungeon, and saw 11 of its levels.
You visited the Abyss 1 time.

You collected 591 gold pieces.
You spent 78 gold pieces at shops.

Inventory:

Hand weapons
 h - a +0 dagger
 q - a +1 dagger of venom
 C - a +1 flail of holy wrath (weapon)
Armour
 a - a cursed +0 robe
 b - a +0 hat (worn)
 m - a +1 robe (worn)
 x - a +2 pair of boots (worn)
Magical staves
 p - an uncursed staff of air
Jewellery
 f - a ring of positive energy (left hand)
 g - a +3 ring of evasion (right hand)
 j - an uncursed ring of protection from cold
 D - an uncursed ring of ice {unknown}
Magical devices
 r - a wand of slowing (31)
 y - a wand of magic darts (4)
 B - a wand of random effects (30)
 H - a wand of paralysis (11)
 M - a wand of teleportation (0)
Scrolls
 e - a scroll of immolation
 l - 7 scrolls of remove curse
 s - a scroll of blinking
 t - 4 scrolls of teleportation
 u - 2 scrolls of enchant armour
Potions
 k - 2 potions of haste
 n - 2 potions of cancellation
 o - 2 potions of brilliance {unknown}
 v - a potion of invisibility
 z - 3 potions of might
 E - a potion of agility
 F - a potion of resistance {unknown}
 I - a potion of restore abilities {unknown}
 J - 2 potions of heal wounds
 O - 2 potions of poison {unknown}
Books
 c - a book of Minor Magic

   Spells                             Type                      Level
   a - Magic Dart                     Conjuration                  1
   b - Blink                          Translocation                2
   c - Call Imp                       Summoning                    2
   d - Repel Missiles                 Charms/Air                   2
   e - Slow                           Hexes                        2
   f - Conjure Flame                  Conjuration/Fire             3
   g - Mephitic Cloud                 Conjuration/Poison/Air       3
 G - an Akashic Record {highlevel, unknown}

   This book is beyond your current level of understanding.

   Spells                             Type                      Level
   a - Dispersal                      Translocation                6
   b - Controlled Blink               Translocation                7
   c - Malign Gateway                 Summoning/Translocation      7
   d - Disjunction                    Translocation                8
   e - Singularity                    Translocation                9
Comestibles
 d - 7 bread rations
 i - 3 meat rations
 K - 2 beef jerkies
 L - 9 slices of pizza


   Skills:
 + Level 4.0 Fighting
 + Level 8.0 Dodging
 - Level 2.4 Stealth
 * Level 11.7 Spellcasting
 + Level 6.5 Conjurations
 + Level 3.6 Charms
 - Level 1.1 Summonings
 + Level 4.5 Translocations
 * Level 5.3 Fire Magic
 - Level 4.2 Air Magic
 - Level 2.1 Poison Magic
 * Level 4.6 Invocations
 + Level 4.1 Evocations


You had 19 spell levels left.
You knew the following spells:

 Your Spells              Type           Power        Failure   Level  Hunger
a - Magic Dart            Conj           ####         1%          1    None
b - Conjure Flame         Conj/Fire      #####...     1%          3    None
c - Call Imp              Summ           ###.....     3%          2    None
d - Blink                 Tloc           N/A          1%          2    None
e - Mephitic Cloud        Conj/Pois/Air  #####...     1%          3    None
f - Repel Missiles        Chrm/Air       #####.       1%          2    None


Dungeon Overview and Level Annotations

Branches:
Dungeon (10/15)            Temple (1/1) D:6            Lair (0/8) D:8
    Orc: D:9-12

Altars:
Ashenzari
Cheibriados
Dithmenos
Elyvilon
Fedhas
Gozag
Kikubaaqudgha
Makhleb
Nemelex Xobeh
Okawaru
Qazlal
Ru
Sif Muna
Trog
Vehumet
Xom
Yredelemnul
Zin
The Shining One

Shops:
D:4 ?   D:5 }   D:8 :

Annotations:
D:9 Psyche


Message History

The small abomination hits you!!
* * * LOW HITPOINT WARNING * * *
Casting: Magic Dart
Confirm with . or Enter, or press ? or * to list all spells.
Aiming: Magic Dart
Press: ? - help, Shift-Dir - straight line, f/p - small abomination
Aim: a small abomination (heavily damaged)
The magic dart hits the small abomination.
The small abomination is almost destroyed.
The small abomination hits you.
* * * LOW HITPOINT WARNING * * *
Casting: Magic Dart
Confirm with . or Enter, or press ? or * to list all spells.
Aiming: Magic Dart
Press: ? - help, Shift-Dir - straight line, f/p - small abomination
Aim: a small abomination (almost destroyed)
The magic dart hits the small abomination.
The small abomination is almost destroyed.
The small abomination hits you.
You die...

#.# ##.. ##..##
### ..#.#.
##.#.## #.#...##
....#.#
#.#...#.#.#.....
#§....§...#...##.
#.##.. ... .§#.#
#.#.#. .# #..# #
##x..### #.# #
#@#..# .#######
####..#. #..##
...x .###. ... ..
#


You could see a small abomination.

Vanquished Creatures
  A large abomination (Abyss:1)
  Pikel (D:5)
  The ghost of TheNamelessOne the Destroyer, an experienced HECj of Vehumet (D:8)
  Maurice (D:8)
  An ancient zyme (Abyss:1)
  A hungry ghost (D:7)
  3 wolves (D:8)
  Eustachio (D:8)
  Grum (D:8)
  A hippogriff (D:7)
  6 humans
  Menkaure (D:6)
  4 orc warriors
  3 ogres
  3 sky beasts
  4 slaves
  Sigmund (D:7)
  A centaur (D:8)
  7 giant frogs
  A gnoll sergeant (D:8)
  3 scorpions
  8 wights
  7 killer bees
  2 crimson imps
  A hound (D:8)
  2 quasits
  3 centaur zombies
  2 goliath beetles
  2 centaur skeletons
  3 orc priests
  6 orc wizards
  4 iguanas
  5 worker ants
  4 sheep (D:7)
  A hound skeleton (D:8)
  A mummy (D:8)
  11 gnolls
  2 worker ant zombies (D:5)
  7 adders
  A giant mite (D:3)
  3 shadow imps
  3 adder skeletons
  7 giant geckos
  An ooze (D:5)
  28 orcs
  12 bats
  4 bat skeletons (D:3)
  4 bat zombies
  11 goblins
  12 hobgoblins
  10 jackals
  22 kobolds
  5 quokkas
  2 ball pythons
  A ball python skeleton (D:5)
  A ball python zombie (D:6)
  2 giant cockroaches
  2 giant gecko skeletons
  6 giant newts
  A giant spore (D:6)
  A quokka skeleton (D:5)
  22 rats
  2 ballistomycetes (D:6)
280 creatures vanquished.

Vanquished Creatures (collateral kills)
  Blork the orc (D:4)
  An orc (D:8)
2 creatures vanquished.

Vanquished Creatures (others)
  2 orc wizards
  A worker ant (D:5)
  A gnoll (D:5)
  A giant mite (D:5)
  A white imp (D:8)
  An orc (D:5)
  A giant gecko (D:5)
  3 giant spores
  A kobold (D:5)
  A rat (D:5)
  A starspawn tentacle (Abyss:1)
  11 starspawn tentacle segments (Abyss:1)
25 creatures vanquished.

Grand Total: 307 creatures vanquished

Notes
Turn   | Place    | Note
--------------------------------------------------------------
     0 | D:1      | faibistes, the Deep Elf Wizard, began the quest for the Orb.
     0 | D:1      | Reached XP level 1. HP: 10/10 MP: 6/6
   179 | D:1      | Reached XP level 2. HP: 15/15 MP: 7/9
   183 | D:1      | Learned a level 2 spell: Blink
   186 | D:1      | Learned a level 2 spell: Call Imp
   869 | D:2      | Reached XP level 3. HP: 19/19 MP: 10/13
   874 | D:2      | Learned a level 3 spell: Conjure Flame
   878 | D:2      | Learned a level 3 spell: Mephitic Cloud
  1247 | D:2      | Reached skill level 5 in Spellcasting
  1623 | D:3      | Reached XP level 4. HP: 24/24 MP: 8/17
  1822 | D:3      | Learned a level 2 spell: Repel Missiles
  2432 | D:4      | Noticed a scorpion
  2433 | D:4      | Reached skill level 6 in Spellcasting
  2433 | D:4      | Reached XP level 5. HP: 26/28 MP: 11/20
  2443 | D:4      | Noticed Blork the orc
  2572 | D:4      | Killed Blork the orc
  2575 | D:4      | Killed a scorpion
  2682 | D:5      | Entered Level 5 of the Dungeon
  2919 | D:3      | Found an ancient bone altar of Kikubaaqudgha.
  2920 | D:3      | Reached XP level 6. HP: 32/32 MP: 20/22
  3149 | D:4      | Found a blossoming altar of Fedhas.
  3454 | D:4      | Found Schatwofo's Magic Scroll Shop.
  3459 | D:4      | Bought a scroll of teleportation for 39 gold pieces
  3459 | D:4      | Bought a scroll of remove curse for 39 gold pieces
  3820 | D:5      | Noticed a slave
  3823 | D:5      | Noticed a slave
  3847 | D:5      | Killed a slave
  3874 | D:5      | Noticed Pikel
  3874 | D:5      | Noticed a slave
  3891 | D:5      | Noticed a slave
  4120 | D:4      | Killed a slave
  4259 | D:7      | Noticed Menkaure
  4259 | D:7      | Noticed Sigmund
  4272 | D:6      | Killed Menkaure
  4272 | D:6      | Reached skill level 7 in Spellcasting
  4342 | D:7      | Reached XP level 7. HP: 12/36 MP: 13/25
  4651 | D:7      | Killed Sigmund
  4651 | D:7      | Reached skill level 1 in Fighting
  4651 | D:7      | Reached skill level 8 in Spellcasting
  4651 | D:7      | Reached skill level 1 in Evocations
  4661 | D:7      | Noticed a hungry ghost
  4667 | D:7      | Killed a hungry ghost
  4667 | D:7      | Reached skill level 5 in Dodging
  4842 | D:5      | Found a shattered altar of Ashenzari.
  4870 | D:5      | Killed a slave
  4915 | D:5      | Killed a slave
  5077 | D:5      | Killed Pikel
  5077 | D:5      | Reached skill level 9 in Spellcasting
  5077 | D:5      | Reached XP level 8. HP: 44/46 MP: 16/28
  5336 | D:5      | Found Codo's Gadget Emporium.
  5464 | D:5      | Found a stormy altar of Qazlal.
  5647 | D:5      | Found a shimmering altar of Xom.
  6069 | D:6      | Found a staircase to the Ecumenical Temple.
  6075 | Temple   | Entered the Ecumenical Temple
  6109 | Temple   | Became a worshipper of Sif Muna the Loreminder
  6550 | D:6      | Found a glowing silver altar of Zin.
  6661 | D:6      | Reached skill level 1 in Fire Magic
  6799 | D:7      | Reached skill level 1 in Air Magic
  7482 | D:7      | Noticed a human
  7483 | D:7      | Acquired Sif Muna's first power
  7483 | D:7      | Reached XP level 9. HP: 45/51 MP: 0/30
  7523 | D:7      | Killed a human
  7523 | D:7      | Reached skill level 5 in Conjurations
  7651 | D:7      | Reached skill level 1 in Poison Magic
  7866 | D:7      | Reached skill level 10 in Spellcasting
  8447 | D:8      | Acquired Sif Muna's second power
  9370 | D:8      | Noticed TheNamelessOne's ghost (experienced HECj)
  9377 | D:8      | Killed TheNamelessOne's ghost
  9377 | D:8      | Reached skill level 1 in Charms
  9377 | D:8      | Reached skill level 1 in Invocations
  9621 | D:8      | Noticed Grum
  9627 | D:8      | Noticed Eustachio
  9647 | D:8      | Reached XP level 10. HP: 46/56 MP: 15/32
  9653 | D:8      | Reached skill level 11 in Spellcasting
  9779 | D:8      | Found Gofys' Book Shoppe.
  9808 | D:8      | Killed Grum
  9959 | D:8      | Killed Eustachio
 10106 | D:8      | Found a shimmering altar of Xom.
 10321 | D:8      | Found a staircase to the Lair.
 10326 | D:8      | Found a sacrificial altar of Ru.
 10348 | D:8      | Noticed Maurice
 10695 | D:8      | Killed Maurice
 11323 | D:10     | Entered Level 10 of the Dungeon
 11808 | D:9      | Noticed Psyche
 12405 | D:9      | Cast into the Abyss (Psyche)
 12532 | Abyss:1  | Noticed a large abomination
 12548 | Abyss:1  | Killed a large abomination
 12548 | Abyss:1  | Reached skill level 5 in Fire Magic
 12579 | Abyss:1  | Noticed a storm dragon skeleton
 12652 | Abyss:1  | Noticed a tentacled starspawn
 12890 | Abyss:1  | Slain by a small abomination

Action                   |  1- 3 |  4- 6 |  7- 9 | 10-12 || total
-------------------------+-------+-------+-------+-------++-------
Melee: Dagger            |     2 |       |       |       ||     2
       Staff             |       |    24 |    90 |    42 ||   156
       Flail             |       |       |       |     3 ||     3
 Cast: Magic Dart        |   102 |   161 |   379 |   219 ||   861
       Mephitic Cloud    |       |     9 |    33 |    28 ||    70
       Call Imp          |       |     1 |     2 |     1 ||     4
       Repel Missiles    |       |     1 |       |       ||     1
       Conjure Flame     |       |     9 |    32 |    35 ||    76
       Blink             |       |     4 |     8 |    10 ||    22
Invok: Channel Energy    |       |       |     9 |     3 ||    12
Evoke: Wand              |       |       |    24 |       ||    24
  Use: Scroll            |     3 |     2 |     5 |     6 ||    16
       Potion            |       |     1 |     2 |     2 ||     5
 Stab: Sleeping          |     1 |     1 |     1 |       ||     3
       Confused          |       |       |     3 |     2 ||     5
  Eat: Chunk             |     2 |     6 |    16 |     9 ||    33
       Beef jerky        |       |     1 |       |       ||     1
       Royal jelly       |       |       |     1 |     1 ||     2
